 Dungeon Crawl Stone Soup version 0.28-b1-70-g80dc712255 (webtiles) character file.

Game seed: 8659211051998983662

46 growler the Gusty (level 3, 0/19 HPs)
             Began as a Tengu Air Elementalist on Feb 3, 2022.
             Killed by their own static electricity (3 damage)
             ... on level 4 of the Dungeon.
             The game lasted 00:03:24 (1696 turns).

growler the Gusty (Tengu Air Elementalist)          Turns: 1696, Time: 00:03:24

Health: 0/19       AC:  2    Str:  8    XL:     3   Next: 66%
Magic:  0/7        EV: 12    Int: 17    God:
Gold:   41         SH:  0    Dex: 14    Spells: 4/7 levels left

rFire   . . .      SeeInvis .   (no weapon)
rCold   . . .      Faith    .   (no shield)
rNeg    . . .      Spirit   .   a - +0 robe
rPois   .          Reflect  .   (helmet restricted)
rElec   .          Harm     .   (no cloak)
rCorr   .          Rampage  .   (no gloves)
Will    .....                   (boots unavailable)
Stlth   ++........              (no amulet)
HPRegen 0.06/turn               (no ring)
MPRegen 0.10/turn               (no ring)

@: no status effects
A: beak, talons 3
a: no special abilities


You were on level 4 of the Dungeon.
You visited 1 branch of the dungeon, and saw 3 of its levels.

You collected 41 gold pieces.

Inventory:

Armour
 a - a +0 robe (worn)
Scrolls
 b - a scroll of enchant weapon {unknown}
 c - a scroll of identify {unknown}
 d - a scroll of teleportation {unknown}
 e - a scroll of vulnerability {unknown}
Potions
 f - a potion of cancellation {unknown}
 g - a potion of heal wounds {unknown}


   Skills:
 - Level 2.1 Dodging
 - Level 2.0 Stealth
 + Level 2.6 Spellcasting
 + Level 2.8 Conjurations
 + Level 4.8 Air Magic


You had 4 spell levels left.
You knew the following spells:

 Your Spells              Type           Power      Damage    Failure   Level
a - Shock                 Conj/Air       60%        1d6       3%          1
d - Static Discharge      Conj/Air       15%        N/A       6%          2

Your spell library contained the following spells:

 Spells                   Type           Power      Damage    Failure   Level
 Swiftness                Air            18%        N/A       8%          3
 Airstrike                Air            9%         N/A       26%         4
 Blink                    Tloc           4%         N/A       28%         2
 Manifold Assault         Tloc           2%         N/A       99%         5
 Storm Form               Tmut/Air       5%         N/A       100%        7


Dungeon Overview and Level Annotations

Branches:
Dungeon (2/15)

Altars:
Lugonu

Portals:
Abyss: D:4

Annotations:
D:2 1 runed translucent door, Crazy Yiuf


Innate Abilities, Weirdness & Mutations

You have a beak for a mouth.
You have claws for feet.


Message History

You see here a +0 mace.
Crazy Yiuf shouts!
You see here a +0 mace.
Found three maces.
You see here a +0 mace.
You see here a +0 mace.
You see here a +0 mace.
You see here a +0 mace.
You see here a +0 mace.
You see here a hobgoblin skeleton.
There is a stone staircase leading down here.
There is a broken door here.
Found a hand axe.
You see here a +0 hand axe.
Found 6 gold pieces.
Found a robe.
You now have 41 gold pieces (gained 6).
Found an inky potion.
g - an inky potion You open the door.
Found a stone staircase leading up.
A sourceless malevolence fills the Dungeon...
You fall into a shaft and drop 2 floors!
The shaft crumbles and collapses.
Found 8 gold pieces.
Found a corrupted altar of Lugonu.
Found a one-way gate to the infinite horrors of the Abyss.
A lurking horror comes into view.
Aim: a lurking horror (purple smoke, dormant, 100% to hit)
Okay, then.
A howler monkey skeleton comes into view.
The howler monkey skeleton moves out of view.
The howler monkey skeleton hits you. The howler monkey skeleton hits you.
The howler monkey skeleton closely misses you.
Found a stone staircase leading down.
Aim: a howler monkey skeleton (94% to hit)
The zap hits the howler monkey skeleton.
The zap hits the lurking horror.
Your body is wracked with pain!
* * * LOW HITPOINT WARNING * * *
The howler monkey skeleton is struck by an arc of lightning.
The lightning grounds out.
The howler monkey skeleton hits you.
* * * LOW HITPOINT WARNING * * *
The howler monkey skeleton is struck by an arc of lightning.
You are struck by an arc of lightning.
* * * LOW HITPOINT WARNING * * *
The lightning grounds out.
The howler monkey skeleton hits you but does no damage.
The howler monkey skeleton is struck by an arc of lightning.
You are struck by an arc of lightning.
You die...

#.....ยง#....#
#.....#......
#....*.....$.
#.##.#.......
#..#....#.#.#
#.#....#....
#.##...#.##.#
#Z###...#. #@#
#### #
#...>....
#.####### #.#
..# ###


You could see a howler monkey skeleton.

Vanquished Creatures
  Natasha (D:2)
  3 endoplasms (D:1)
  2 goblins (D:1)
  4 hobgoblins
  4 ball pythons (D:1)
  3 bats (D:1)
  A kobold (D:1)
  2 rats (D:1)
  A lurking horror (D:4)
21 creatures vanquished.

Notes
Turn   | Place    | Note
-------+----------+-------------------------------------------
     0 | D:1      | growler the Tengu Air Elementalist began the quest for the
                  | Orb.
     0 | D:1      | Reached XP level 1. HP: 10/10 MP: 4/4
    14 | D:1      | Found a faded altar of an unknown god.
   476 | D:1      | Reached XP level 2. HP: 15/15 MP: 3/6
   723 | D:1      | Learned a level 2 spell: Static Discharge
  1311 | D:2      | Noticed Natasha
  1332 | D:2      | Killed Natasha
  1333 | D:2      | Reached XP level 3. HP: 1/19 MP: 1/7
  1616 | D:2      | Found a runed translucent door.
  1617 | D:2      | Noticed Crazy Yiuf
  1682 | D:2      | You fall into a shaft and drop 2 floors!
  1682 | D:4      | Found a one-way gate to the infinite horrors of the Abyss.
  1682 | D:4      | Found a corrupted altar of Lugonu.
  1696 | D:4      | Killed from afar by themself

Illustrated notes

Levels and vault maps discovered:
D:1:      amcnicky_arrival_double_pillar, layout_loops_corners,
          hellmonk_ecumenical_altar_leap_of_faith
D:2:      layout_basic, minmay_misc_feat_nine_boxes,
          wad_floor_pattern_untrapped, minmay_pentomino_q4,
          uniq_crazy_yiuf_cottage, uniq_natasha
D:4:      layout_loops_ring, serial_shops, nicolae_shop_window_shopping, shop,
          amcnicky_altar_lugonu_corruption

Skill      XL: |  1  2 |
---------------+-------+-----
Conjurations   | 2 |  2.8
Dodging        | |  2.1
Stealth        | |  2.0
Spellcasting   | |  2.6
Air Magic      | |  4.8

Action                   || total
-------------------------++-------
 Cast: Shock             ||    41
       Static Discharge  ||     5
Armor: Robe              ||     2
Dodge: Dodged            ||     6
